 Dungeon Crawl Stone Soup version 0.23.0 (webtiles) character file.

Game seed: 8189521468183819820

2813 MalarOregon the Spear-Bearer (level 9, -1/57 (61) HPs)
             Began as a Merfolk Skald on Feb 13, 2019.
             Was a Follower of Lugonu.
             Killed from afar by Harold (11 damage)
             ... with a harpoon shot
             ... on level 6 of the Dungeon.
             The game lasted 00:26:00 (10117 turns).

MalarOregon the Spear-Bearer (Merfolk Skald)       Turns: 10117, Time: 00:26:00

HP:   -1/57 (61)    AC:  6    Str: 13    XL:     9   Next: 72%
MP:   12/12         EV: 14    Int: 14    God:    Lugonu [*.....]
Gold: 397           SH:  0    Dex: 13    Spells: 6/12 levels left

rFire    . . .     SeeInvis .   a - +2 halberd (pain)
rCold    . . .     Gourm    .   (shield currently unavailable)
rNeg     . . .     Faith    .   x - +0 ring mail
rPois    .         Spirit   .   (no helmet)
rElec    .         Reflect  .   (no cloak)
rCorr    .         Harm     .   (no gloves)
MR       .....                  (no boots)
Stlth    +.........             (no amulet)
HPRegen  0.19/turn              l - +3 ring of evasion
MPRegen  0.13/turn              (no ring)

@: marked, studying Long Blades
A: change form in water, swift swim, stealthy swim
a: Depart the Abyss, Renounce Religion


You were on level 6 of the Dungeon.
You worshipped Lugonu.
Lugonu was aware of your devotion.
You were very hungry.

You visited 2 branches of the dungeon, and saw 8 of its levels.

You collected 417 gold pieces.
You spent 20 gold pieces at shops.

Inventory:

Hand Weapons
 a - a +2 halberd of pain (weapon)
   (You took it off Blork the orc on level 4 of the Dungeon)
 q - a +1 spear
 u - a +0 scythe of venom
   (You took it off Sigmund on level 2 of the Dungeon)
Missiles
 n - 3 throwing nets (quivered) {!f}
Armour
 i - a scarf of resistance
   (You found it on level 5 of the Dungeon)
 x - a +0 ring mail (worn)
   (You took it off Ijyb on level 3 of the Dungeon)
Jewellery
 l - a +3 ring of evasion (left hand)
   (You found it on level 2 of the Dungeon)
Wands
 d - a wand of iceblast (9)
   (You found it on level 5 of the Dungeon)
 v - a wand of digging (3)
   (You took it off Ijyb on level 3 of the Dungeon)
Scrolls
 b - 2 scrolls of teleportation {@r4}
 h - 5 scrolls of remove curse {@r2}
 m - a scroll of identify {@r1}
 s - a scroll of fog
Potions
 c - a potion of magic {unknown}
 f - 2 potions of resistance
 g - 2 potions of haste {@q3}
 j - 3 potions of brilliance
 k - a potion of might
 o - a potion of curing {@q1}
 p - 3 potions of heal wounds {@q2}
 t - a potion of berserk rage {unknown}
 w - a potion of cancellation {unknown}
 z - a potion of invisibility {unknown}
Books
 y - a manual of Long Blades {!d}
   (You found it on level 6 of the Dungeon)
Comestibles
 e - 10 rations {!d}


   Skills:
 - Level 2.1 Fighting
 + Level 3.3 Long Blades
 + Level 11.5 Polearms
 + Level 6.0 Armour
 - Level 2.6 Dodging
 - Level 2.0 Spellcasting
 - Level 3.2 Charms
 + Level 5.0 Necromancy


You had 6 spell levels left.
You knew the following spells:

 Your Spells              Type           Power        Failure   Level  Hunger
e - Regeneration          Chrm/Necr      ##........   26%         3    ####...
t - Spectral Weapon       Hex/Chrm       #.......     58%         3    ####...

Your spell library contained the following spells:

 Spells                   Type           Power        Failure   Level  Hunger
 Infusion                 Chrm           ##..         12%         1    ##.....
 Song of Slaying          Chrm           ##......     19%         2    ###....
 Shroud of Golubria       Chrm/Tloc      #.........   36%         2    ###....


Dungeon Overview and Level Annotations

Branches:
Dungeon (7/15)             Temple (1/1) D:6

Altars:
Ashenzari
Cheibriados
Dithmenos
Fedhas
Hepliaklqana
Kikubaaqudgha
Nemelex Xobeh
Okawaru
Qazlal
Ru
Sif Muna
Trog
Uskayaw
Wu Jian
Xom
Yredelemnul
Lugonu

Shops:
D:4 *   D:5 *

Annotations:
D:6 Harold


Message History

There is an escape hatch in the ceiling here.
Harold considers, "I think I'll use your bounty to get a cattle farm..."
Harold zaps a wand.
You turn into an insubstantial wisp.
Your +2 halberd of pain melds into your body.
Your +0 ring mail melds into your body.
Your +3 ring of evasion melds into your body.
Harold zaps a wand.
The now-empty wand crumbles to dust.
There is an escape hatch in the ceiling here.
You start resting.
Your transformation is almost over.
You start resting.
Harold is too close now for your liking.
Unknown command.
Harold says, "Try to look on the bright side.
Your death will help put my children through school."
Harold casts a spell at you. The harpoon shot misses you.
Your transformation has ended.
Your +2 halberd of pain unmelds from your body.
Your +0 ring mail unmelds from your body.
Your +3 ring of evasion unmelds from your body.
Pain shudders through your arm!
There is an escape hatch in the ceiling here.
You start resting.
Harold is too close now for your liking.
Okay, then.
Attack whom?
Aim: Harold, wielding a +0 battleaxe and wearing a +0 scale mail You reach to attack!
You puncture Harold!
Harold writhes in agony.
You slash Harold! Harold gestures at you while chanting.
The mark upon you grows brighter.
You barely miss Harold. Harold barely misses you.
You hit Harold but do no damage.
Harold writhes in agony.
You hit Harold.
Harold writhes in agony.
Harold hits you with a +0 battleaxe!
You hit Harold.
Harold writhes in agony.
Harold misses you.
You barely miss Harold. Harold misses you.
You hit Harold. You barely miss Harold. Harold misses you.
You hit Harold but do no damage.
Harold writhes in agony.
Harold says, "My wife will appreciate not having to wash blood out of my clothes anymore."
Harold misses you.
You completely miss Harold. Harold hits you with a +0 battleaxe!!
* * * LOW HITPOINT WARNING * * *
Harold points at you and mumbles some strange words.
The mark upon you grows brighter. Harold casts a spell at you.
The harpoon shot hits you!
You die...

....###.#..#....#..###########
.....#...##....#....##.......##
.##.........>.....###.....P...#
.........#....##..###...PPPP..#
.###....#....#..#..##...._PP..#
## ####.#..#.#.....##...P.P...#
###..##...#..#.##...#.#...# ###
#...............#...#.#...# ..#
#.....##....@..######.##### #.#
#.....##@####..######.## #.#
#.....##.####......#P.P# .>#
#.....##@##.....##....## ).#
########.##.#...####### ..#
#......#.#.### ..###
#.###......#
....####.####.#.###
.##@#......##.#.#


You could see Harold.

Vanquished Creatures
  A hippogriff (D:6)
  Sigmund (D:2)
  A yak (D:6)
  Duvessa (D:6)
  2 sky beasts (D:6)
  2 ogres
  6 necrophages (D:6)
  2 centaurs (D:5)
  Blork the orc (D:4)
  A bullfrog (D:6)
  Dowan (D:6)
  A scorpion (D:5)
  2 howler monkeys (D:4)
  2 crimson imps (D:5)
  A centaur zombie (D:7)
  A bullfrog skeleton (D:4)
  5 orc wizards
  A centaur skeleton (D:4)
  Jessica (D:3)
  Terence (D:3)
  Natasha (thrice) (D:2)
  8 worker ants
  Ijyb (D:3)
  A worker ant zombie (D:6)
  A gnoll (D:5)
  9 adders
  A shadow imp (D:5)
  2 oozes (D:6)
  5 worms
  5 dart slugs
  3 leopard geckos
  17 orcs
  8 bats
  4 giant cockroaches
  11 goblins
  12 hobgoblins
  3 quokkas
  A ball python (D:1)
  5 frilled lizards
  A jackal skeleton (D:4)
  12 kobolds
  2 leopard gecko skeletons
  A leopard gecko zombie (D:5)
  18 rats
  A bush (D:6)
169 creatures vanquished.

Vanquished Creatures (others)
  8 plants (D:6)
8 creatures vanquished.

Grand Total: 177 creatures vanquished

Notes
Turn   | Place    | Note
-------+----------+-------------------------------------------
     0 | D:1      | MalarOregon the Merfolk Skald began the quest for the Orb.
     0 | D:1      | Reached XP level 1. HP: 16/16 MP: 3/3
   191 | D:1      | Reached skill level 1 in Armour
   200 | D:1      | Reached XP level 2. HP: 5/22 MP: 5/5
   542 | D:1      | Reached skill level 4 in Polearms
   614 | D:1      | Reached XP level 3. HP: 27/27 MP: 6/6
  1360 | D:2      | Noticed Sigmund
  1586 | D:2      | Noticed a moth of wrath
  1589 | D:2      | Found a bloodstained altar of Trog.
  2051 | D:2      | Reached XP level 4. HP: 24/33 MP: 7/7
  2184 | D:2      | Reached skill level 5 in Polearms
  3213 | D:3      | Found a snail-covered altar of Cheibriados.
  3213 | D:3      | Found a hazy altar of Hepliaklqana.
  3220 | D:3      | Learned a level 3 spell: Regeneration
  3224 | D:3      | Learned a level 3 spell: Spectral Weapon
  3226 | D:3      | Found an ornate altar of the Wu Jian Council.
  3228 | D:3      | Found a faded altar of an unknown god.
  3231 | D:3      | Found an ancient bone altar of Kikubaaqudgha.
  3243 | D:3      | Noticed Ijyb
  3462 | D:3      | Killed Ijyb
  3462 | D:3      | Reached XP level 5. HP: 6/38 MP: 8/8
  3734 | D:3      | Found a faded altar of an unknown god.
  3923 | D:3      | Noticed Jessica
  3928 | D:3      | Killed Jessica
  3928 | D:3      | Reached skill level 6 in Polearms
  4173 | D:3      | Noticed Terence
  4232 | D:3      | Killed Terence
  4429 | D:3      | Reached XP level 6. HP: 38/44 MP: 9/9
  4631 | D:4      | Reached skill level 7 in Polearms
  4838 | D:4      | Noticed Blork the orc
  4853 | D:4      | Killed Blork the orc
  4865 | D:4      | Reached XP level 7. HP: 19/50 MP: 10/10
  5151 | D:4      | Found Siraefoh's General Store.
  5188 | D:4      | Reached skill level 8 in Polearms
  5366 | D:4      | Reached skill level 1 in Necromancy
  5670 | D:2      | Found an iron altar of Okawaru.
  5678 | D:2      | Noticed Natasha
  5684 | D:2      | Killed Natasha
  5730 | D:2      | Noticed Natasha
  5736 | D:2      | Killed Natasha
  5799 | D:2      | Noticed Natasha
  5809 | D:2      | Killed Natasha
  5988 | D:2      | Killed Sigmund
  5988 | D:2      | Reached XP level 8. HP: 48/56 MP: 11/11
  6035 | D:2      | Found an iron altar of Okawaru.
  6470 | D:2      | Found a bloodstained altar of Trog.
  6574 | D:5      | Entered Level 5 of the Dungeon
  6725 | D:5      | Reached skill level 9 in Polearms
  6731 | D:5      | Found a shimmering altar of Xom.
  6736 | D:5      | Noticed a water elemental
  6738 | D:5      | Found a stormy altar of Qazlal.
  6739 | D:5      | Noticed an air elemental
  7169 | D:5      | Found Bompoici's General Store.
  7247 | D:5      | Bought a scroll of identify for 20 gold pieces
  7900 | D:5      | Found a shimmering altar of Xom.
  7926 | D:5      | Reached skill level 5 in Armour
  8002 | D:6      | Found a shattered altar of Ashenzari.
  8047 | D:6      | Reached skill level 10 in Polearms
  8273 | D:6      | Noticed Duvessa
  8274 | D:6      | Noticed Dowan
  8279 | D:6      | Killed Duvessa
  8287 | D:6      | Killed Dowan
  8287 | D:6      | Reached XP level 9. HP: 61/61 MP: 12/12
  8444 | D:6      | Found a staircase to the Ecumenical Temple.
  8635 | D:6      | Found a blossoming altar of Fedhas.
  9051 | D:6      | Reached skill level 11 in Polearms
  9375 | D:6      | Reached skill level 1 in Long Blades
  9685 | Temple   | Entered the Ecumenical Temple
  9715 | Temple   | Became a worshipper of Lugonu the Unformed
  9715 | Temple   | Reached * piety under Lugonu
  9847 | D:7      | Reached skill level 5 in Necromancy
 10012 | D:7      | Noticed Harold
 10117 | D:6      | Killed from afar by Harold

Skill      XL: |  1  2  3  4  5  6  7  8  9 |
---------------+----------------------------+-----
Armour         | 1 2 3 4 5 6 |  6.0
Polearms       | 4 5 6 7 8 10 11 | 11.5
Necromancy     | 2 3 5 |  5.0
Long Blades    | 3 |  3.3
Fighting       | |  2.1
Dodging        | |  2.6
Spellcasting   | |  2.0
Charms         | |  3.2

Action                   |  1- 3 |  4- 6 |  7- 9 || total
-------------------------+-------+-------+-------++-------
Melee: Spear             |   238 |   371 |       ||   609
       Halberd           |       |       |   368 ||   368
       Unarmed           |       |       |    10 ||    10
 Cast: Regeneration      |       |       |     2 ||     2
  Use: Scroll            |       |     7 |    10 ||    17
       Potion            |       |     2 |     1 ||     3
 Stab: Sleeping          |       |     1 |       ||     1
  Eat: Chunk             |     3 |    10 |    13 ||    26
       Ration            |       |       |     1 ||     1
Armor: Leather armour    |    33 |    20 |       ||    53
       Ring mail         |       |    28 |    68 ||    96
       Skin              |       |       |     2 ||     2
Dodge: Dodged            |   111 |   185 |   177 ||   473
